 Dungeon Crawl Stone Soup version 0.27-a0-1200-g94dc6ad4cf (webtiles) character file.

Game seed: 357846618717807782

191 Delamore the Cudgeller (level 5, 0/34 HPs)
             Began as a Gargoyle Fighter on May 29, 2021.
             Slain by an orc priest
             ... wielding a +0 club
              (3 damage)
             ... on level 3 of the Dungeon.
             The game lasted 00:04:37 (3114 turns).

Delamore the Cudgeller (Gargoyle Fighter)           Turns: 3114, Time: 00:04:38

Health: 0/34       AC: 12    Str: 21    XL:     5   Next: 70%
Magic:  5/5        EV:  7    Int:  8    God:
Gold:   37         SH:  9    Dex:  9    Spells: 4/4 levels left

rFire    . . .     SeeInvis .   a - +0 flail
rCold    . . .     Faith    .   c - +0 kite shield
rNeg     + . .     Spirit   .   b - +0 scale mail
rPois    ∞         Reflect  .   m - +0 helmet
rElec    +         Harm     .   (no cloak)
rCorr    .         Rampage  .   (no gloves)
Will     .....                  (no boots)
Stlth    ..........             (no amulet)
HPRegen  0.11/turn              (no ring)
MPRegen  0.09/turn              (no ring)

@: on berserk cooldown, slowed, very slow
A: sickness immunity, AC +4, negative energy resistance 1, electricity
resistance, torment resistance 1, petrification resistance
a: no special abilities


You were on level 3 of the Dungeon.
You visited 1 branch of the dungeon, and saw 3 of its levels.

You collected 37 gold pieces.

Inventory:

Hand Weapons
 a - a +0 flail (weapon)
Missiles
 k - 8 javelins (quivered)
Armour
 b - a +0 scale mail (worn)
 c - a +0 kite shield (worn)
 m - a +0 helmet (worn)
Scrolls
 f - 2 scrolls of enchant weapon
 g - 2 scrolls of torment {unknown}
 h - a scroll of amnesia
 j - a scroll of enchant armour
 l - a scroll of immolation
Potions
 d - 2 potions of might
 e - a potion of attraction {unknown}


   Skills:
 + Level 4.7 Fighting
 * Level 4.8 Maces & Flails
 - Level 3.2 Armour
 - Level 3.2 Shields


You had 4 spell levels left.
You didn't know any spells.
Your spell library was empty.

Dungeon Overview and Level Annotations

Branches:
Dungeon (3/15)

Altars:
Kikubaaqudgha


Innate Abilities, Weirdness & Mutations

You are immune to sickness and miasma.
Your stone body is resilient. (AC +4)
You are immune to poison.
You resist negative energy. (rN+)
You are resistant to electric shocks. (rElec)
You are resistant to unholy torment.
You are immune to petrification.


Message History

A puff of flame appears from out of thin air!
The puff of flame hits you!
* * * LOW HITPOINT WARNING * * *
Your shield prevents you from hitting something.
You block the orc's attack.
You hear some strange, mumbled words.
A puff of flame appears from out of thin air!
The puff of flame hits you.
* * * LOW HITPOINT WARNING * * *
You are too berserk!
You miss something. The orc hits you but does no damage.
Something hits you but does no damage.
You sock something!
Reactivating autopickup.
You feel a bit more experienced. You block the orc's attack.
You barely miss the orc priest.
The orc priest invokes the aid of Beogh against you.
You barely resist. You block the orc's attack.
You barely miss the orc priest. You block the orc priest's attack.
The orc hits you but does no damage.
You barely miss the orc priest.
You are no longer berserk.
You are exhausted.
You feel yourself slow down. You block the orc priest's attack.
The orc hits you but does no damage.
You thump the orc priest!
The orc priest is almost dead.
The orc priest hits you but does no damage.
The orc hits you but does no damage. The orc priest hits you with a +0 club.
* * * LOW HITPOINT WARNING * * *
The orc hits you but does no damage.
Your shield prevents you from hitting the orc priest.
The orc priest is almost dead.
The orc priest mumbles some strange prayers to Beogh against you.
You barely resist. The orc hits you but does no damage.
You block the orc priest's attack. You block the orc's attack.
You completely miss the orc priest.
The orc priest is almost dead.
The orc priest hits you with a +0 club.
You die...

........#.#####.##
#........#
.....#.#....(....#
#........#
...†.._..######..##
#........# .....#.###
#...## #........#
.......# #.#..#
##..###### .<.)..##
#.##.#####...## ..#..##
#.##..........## .....###
#.##...........# #.##...#
###.@o..##.......#
#.####.#
##...#o..##.......# #.#
#.# #..#...#####.^...##
..#
#.#####.##..###.........#
.#####.#.....##..#
#.#.......#
.........######.##
#.#.......# ######.###
..# #.##.....## # #...
#..####o###...## # ###.#
..##...# #####


You could see an orc priest and an orc.

Vanquished Creatures
  Jessica (D:2)
  An orc wizard (D:3)
  Robin (D:1)
  4 adders
  An ufetubus (D:3)
  A worm (D:3)
  2 dart slugs
  3 bats
  7 endoplasms
  13 goblins
  7 hobgoblins
  14 jackals
  5 ball pythons
  A frilled lizard (D:2)
  8 kobolds
  5 rats
74 creatures vanquished.

Notes
Turn   | Place    | Note
-------+----------+-------------------------------------------
     0 | D:1      | Delamore the Gargoyle Fighter began the quest for the Orb.
     0 | D:1      | Reached XP level 1. HP: 14/14 MP: 1/1
   215 | D:1      | Reached XP level 2. HP: 19/19 MP: 2/2
   830 | D:2      | Reached XP level 3. HP: 24/24 MP: 3/3
   846 | D:2      | Noticed Jessica
   953 | D:2      | Killed Jessica
  1013 | D:2      | Reached XP level 4. HP: 29/29 MP: 4/4
  2067 | D:2      | Noticed Robin
  2350 | D:1      | Killed Robin
  2351 | D:1      | Reached XP level 5. HP: 20/34 MP: 5/5
  2566 | D:3      | Found an ancient bone altar of Kikubaaqudgha.
  3114 | D:3      | Slain by an orc priest

Illustrated notes

Levels and vault maps discovered:
D:1:      amcnicky_arrival_feature_with_door, layout_basic
D:2:      layout_rooms, kennysheep_generic_room_8, uniq_jessica, uniq_robin
D:3:      layout_rooms, lemuel_crystal_altar, uniq_ijyb

Skill      XL: |  1  2  3  4 |
---------------+-------------+-----
Maces & Flails | 3 4 |  4.8
Fighting       | 4 |  4.7
Armour         | |  3.2
Shields        | |  3.2

Action                   |  1- 3 |  4- 6 || total
-------------------------+-------+-------++-------
Melee: Flail             |    83 |   257 ||   340
  Use: Scroll            |       |     6 ||     6
       Potion            |       |     3 ||     3
Armor: Scale mail        |    42 |   254 ||   296
Dodge: Dodged            |    20 |   157 ||   177
Block: Kite shield       |    40 |   219 ||   259

Table legend: (Time is in decaauts)
 A = Elapsed time spent in this place.
 B = Non-inter-level travel time spent in this place.
 C = Inter-level travel time spent in this place.
 D = Time resting spent in this place.
 E = Time spent auto-exploring this place.
 F = Levels seen in this place.
 G = Mean time per level.
                   A        B        C        D        E       F      G
               +--------+--------+--------+--------+--------+-----+--------+
         Total |   3266 |   3201 |     65 |   1018 |   1420 |   3 | 1088.7 |
       Dungeon |   3266 |   3201 |     65 |   1018 |   1420 |   3 | 1088.7 |
               +--------+--------+--------+--------+--------+-----+--------+

Top non-repeatable levels by time:
     D:1: 1748 daAuts
     D:2: 942 daAuts
     D:3: 575 daAuts
